 Dungeon Crawl Stone Soup version 0.28.0 (webtiles) character file.

Game seed: 18129608764671276957

13663 GrayStillPlays the Fighter (level 11, -2/99 HPs)
             Began as a Demonspawn Fighter on Feb 13, 2022.
             Was an Initiate of Gozag.
             Engulfed by a cloud of freezing vapour (7 damage)
             ... in a Gauntlet.
             The game lasted 00:40:17 (13905 turns).

GrayStillPlays the Fighter (Demonspawn Fighter)    Turns: 13905, Time: 00:40:18

Health: -2/99      AC: 24    Str: 22    XL:     11   Next: 78%
Magic:  11/11      EV:  6    Int: 12    God:    Gozag
Gold:   1863       SH: 16    Dex: 15    Spells: 10/10 levels left

rFire   + . .      SeeInvis .   i - +2 hand axe (venom) {axe}
rCold   + + .      Faith    .   D - +0 tower shield
rNeg    . . .      Spirit   .   I - +3 chain mail {rC+}
rPois   +          Reflect  .   E - +0 helmet {Int+3}
rElec   +          Harm     .   o - +0 cloak
rCorr   +          Rampage  .   (no gloves)
Will    +....      NoTele   +   P - +2 pair of boots of the Sky {Dex+3}
Stlth   ..........              Q - amulet of regeneration {@e2}
HPRegen 3.06/turn               (no ring)
MPRegen 0.12/turn               (no ring)

@: mighty, resistant, gold aura, on berserk cooldown, slowed, very slow
A: rugged brown scales 3, powered by death 2, demonic willpower, demonic touch 2
a: Renounce Religion, Potion Petition, Call Merchant, Bribe Branch


You were in a Gauntlet.
You worshipped Gozag.
Gozag was most pleased with you.
You visited 1 branch of the dungeon, and saw 11 of its levels.
You also visited: Ossuary and Gauntlet.

You collected 2172 gold pieces.
You spent 291 gold pieces at shops.
You paid 18 gold pieces to Gozag.


Innate Abilities, Weirdness & Mutations

You are completely covered in rugged brown scales. (AC +3, +7% HP)
You regenerate health from kills.
You punish those that try to bend your will. (Will+)
Your touch may inflict irresistible damage on your foes.


   Skills:
 + Level 11.5 Fighting
 - Level 2.0 Axes
 + Level 10.6 Armour
 + Level 1.0 Dodging
 + Level 10.5 Shields


You had 10 spell levels left.
You didn't know any spells.
Your spell library contained the following spells:

 Spells                   Type           Power      Damage    Failure   Level
 Shock                    Conj/Air       0%         1d3       100%        1
 Sting                    Tmut/Pois      0%         1d3       100%        1
 Poisonous Vapours        Pois/Air       0%         N/A       100%        2
 Gell's Gravitas          Tloc           0%         N/A       100%        3
 Ignite Poison            Fire/Tmut/Pois 0%         N/A       100%        3
 Mephitic Cloud           Conj/Pois/Air  0%         N/A       100%        3
 Swiftness                Air            0%         N/A       100%        3
 Teleport Other           Tloc           0%         N/A       100%        3
 Airstrike                Air            0%         N/A       100%        4
 Olgreb's Toxic Radiance  Pois           0%         N/A       100%        4
 Summon Lightning Spire   Summ/Air       0%         N/A       100%        4
 Freezing Cloud           Conj/Ice/Air   0%         6-21      100%        5
 Lightning Bolt           Conj/Air       0%         1d11      100%        5
 Dispersal                Tloc           0%         N/A       100%        6

Inventory:

Hand Weapons
 a - a +0 war axe {axe}
 i - a +2 hand axe of venom (weapon) {axe}
   (You took it off an orc on level 4 of the Dungeon)
 G - a +2 whip of freezing {mace}
   (You took it off Pikel on level 6 of the Dungeon)
Missiles
 b - 5 poisoned darts (quivered) {throwing}
 f - 356 stones {throwing}
 h - 73 sling bullets
 k - 3 atropa-tipped darts {throwing}
 n - 3 javelins {throwing}
 z - 103 arrows
 C - a throwing net {=f!fthrowing}
 F - 4 boomerangs {throwing}
 K - 65 bolts
Armour
 c - a +1 hat of stealth
   (You took it off Gastronok on level 10 of the Dungeon)
 e - a scarf of shadows
   (You found it on level 1 of the Dungeon)
 l - a +1 leather armour of poison resistance
   (You took it off an orc on level 5 of the Dungeon)
 o - a +0 cloak (worn)
   (You found it on level 3 of the Dungeon)
 D - a +0 tower shield (worn)
   (You found it on level 4 of the Dungeon)
 E - a +0 helmet of intelligence (worn)
   (You found it in a Gauntlet)
 I - a +3 chain mail of cold resistance (worn)
   (You bought it in a shop on level 11 of the Dungeon)
 J - a +1 ring mail of fire resistance
   (You found it on level 8 of the Dungeon)
 P - the +2 pair of boots of the Sky (worn) {Dex+3}
   (You found it in a Gauntlet)

   Dex:       It affects your dexterity (+3).
Jewellery
 q - a ring of fire
   (You found it in a Gauntlet)
 Q - an amulet of regeneration (around neck) {@e2}
   (You found it on level 9 of the Dungeon)
Wands
 H - a wand of flame (14)
   (You took it off Blork the orc on level 6 of the Dungeon)
 L - a wand of mindburst (2)
   (You found it on level 6 of the Dungeon)
 R - a wand of polymorph (7)
   (You found it on level 9 of the Dungeon)
Scrolls
 m - 3 scrolls of torment {unknown}
 r - 3 scrolls of immolation {!r!r}
 t - 3 scrolls of enchant weapon {unknown}
 x - 2 scrolls of fear
 y - 3 scrolls of teleportation {@r4}
 A - a scroll of brand weapon {unknown}
 B - 2 scrolls of holy word {unknown}
 M - 2 scrolls of amnesia {unknown}
 N - a scroll of fog {unknown}
 O - 2 scrolls of vulnerability {unknown}
 T - a scroll of magic mapping {unknown}
Potions
 d - 3 potions of might
 g - 4 potions of resistance
 j - 2 potions of berserk rage {!q}
 p - 3 potions of magic {unknown}
 s - a potion of flight {unknown}
 u - 2 potions of attraction {!q}
 v - 2 potions of haste {unknown}
 w - 2 potions of brilliance {unknown}
 S - 2 potions of mutation {unknown}

Dungeon Overview and Level Annotations

Branches:
Dungeon (11/15)            Temple (0/1) D:4         Ossuary (visited)
Gauntlet (1/1)
   Lair: D:8-11         Orc: D:9-12

Altars:
Dithmenos
Gozag
Qazlal
Wu Jian
Yredelemnul
Zin
The Shining One

Shops:
D:1 *   D:11 ![

Annotations:
D:10 Snorg
D:11 exclusion: boulder beetle Gauntlet 5 transporters

##≈.#...#...#.≈##
##.#.#####.#.##
##≈.#...©...#.≈##
#≈≈.#########.≈≈#
##≈....#©..8#.≈##
##..8.#...©#.##
##≈....#©..8#.≈##
#≈≈.#########.≈≈#
##≈.#○@○°○..#.≈##
##.#$####○.#.##
##≈.#4#..##.#.≈##
#≈≈.#°.#©.#.#.≈≈#
##≈.#○^##$#.#.≈##
##.#..^.##.#.##
##≈.#.(.©4..#.≈##
#≈≈.#########.≈≈#
##≈...........≈##


You could see an ice devil.


Message History

The blizzard demon waves its arms in wide circles.
The air twists around and strikes you!
* * * LOW HITPOINT WARNING * * *
The ice devil hits you but does no damage. 😨 HP[-11]
You take 11 damage, and now have 36/99 hp.
You hit the ice devil.
The blizzard demon enters a dispersal trap!
The ice devil blinks!
You blink.
The blizzard demon blinks!
The ice devil enters a dispersal trap!
The blizzard demon blinks!
You blink.
The ice devil blinks!
The blizzard demon gestures at you. The bolt of lightning hits you! You resist.
* * * LOW HITPOINT WARNING * * *
😨 HP[-5]
You take 5 damage, and now have 31/99 hp. 😨 HP[+1] 😨 HP[+1] 😨 HP[+1]
You slash the blizzard demon!
The blizzard demon hits you but does no damage.
The blizzard demon hits you.
* * * LOW HITPOINT WARNING * * *
😨 HP[-4]
You take 4 damage, and now have 30/99 hp.
A red film seems to cover your vision as you go berserk!
You feel yourself moving faster!
You feel mighty! The blizzard demon hits you!
* * * LOW HITPOINT WARNING * * *
The blizzard demon closely misses you. 😨 HP[+8]
You now have 148 max hp (+49).
You regained 8 hp, and now have 38/148 hp.
You slash the blizzard demon!
The blizzard demon hits you but does no damage.
The blizzard demon closely misses you. 😨 HP[+1]
You slash the blizzard demon! You block the blizzard demon's attack.
The blizzard demon hits you.
* * * LOW HITPOINT WARNING * * *
😨 HP[-1]
You take 1 damage, and now have 38/148 hp.
You slash the blizzard demon!
The blizzard demon waves its arms in wide circles.
The air twists around and strikes you!
* * * LOW HITPOINT WARNING * * *
😱 HP[-10]
You take 10 damage, and now have 28/148 hp.
You slash the blizzard demon!
You block the blizzard demon's attack. x2 😱 HP[+2]
You regained 2 hp, and now have 30/148 hp.
You slash the blizzard demon! The blizzard demon barely misses you.
You block the blizzard demon's attack. 😱 HP[+1]
You barely miss the blizzard demon. You block the blizzard demon's attack.
The blizzard demon hits you but does no damage. 😱 HP[+1]
You slash the blizzard demon!
The blizzard demon hits you but does no damage.
You block the blizzard demon's attack. 😱 HP[+1]
You barely miss the blizzard demon.
You block the blizzard demon's attack. x2 😱 HP[+1]
You closely miss the blizzard demon. The blizzard demon gestures at you.
The freezing blast engulfs you! You resist.
* * * LOW HITPOINT WARNING * * *
😱 HP[-8]
You take 8 damage, and now have 26/148 hp.
You hit the blizzard demon but do no damage.
You are engulfed in freezing vapours.
You resist.
* * * LOW HITPOINT WARNING * * *
The blizzard demon is engulfed in freezing vapours.
You block the blizzard demon's attack.
The blizzard demon hits you but does no damage. 😱 HP[-3]
You take 3 damage, and now have 23/148 hp.
You hit the blizzard demon but do no damage.
You are engulfed in freezing vapours.
You resist.
The blizzard demon hits you but does no damage. x2 😱 HP[+1]
You closely miss the blizzard demon.
You are engulfed in freezing vapours.
You resist.
You are no longer berserk.
You are exhausted.
You feel yourself slow down.
The blizzard demon is engulfed in freezing vapours.
The blizzard demon hits you!
* * * LOW HITPOINT WARNING * * *
The blizzard demon hits you.
* * * LOW HITPOINT WARNING * * *
😱 HP[-19]
You now have 99 max hp (-49).
You slash the blizzard demon!
You kill the blizzard demon!
You are engulfed in freezing vapours.
You resist.
You die...
Your body crumbles into a pile of gold.

Skill      XL: |  1  2  3  4  5  6  7  8  9 10 11 |
---------------+----------------------------------+-----
Axes           | 2 |  2.0
Armour         | 3 4 5 6 8 9 10 | 10.6
Shields        | 3 4 5 6 8 9 10 | 10.5
Fighting       | 4 5 6 7 8 10 11 | 11.5
Dodging        | 1 |  1.0

Action                   |  1- 3 |  4- 6 |  7- 9 | 10-12 || total
-------------------------+-------+-------+-------+-------++-------
Melee: War axe           |   111 |   127 |       |       ||   238
       Hand axe          |       |    57 |   353 |   543 ||   953
Throw: Dart              |       |     2 |     6 |     5 ||    13
       Stone             |       |       |     1 |       ||     1
       Throwing net      |       |       |       |     1 ||     1
Evoke: Wand              |       |       |     4 |    11 ||    15
  Use: Scroll            |       |     3 |     3 |     2 ||     8
       Potion            |       |       |       |    13 ||    13
 Stab: Distracted        |       |     1 |     1 |     2 ||     4
Armor: Scale mail        |    55 |    91 |   191 |    39 ||   376
       Ring mail         |       |       |       |   231 ||   231
       Chain mail        |       |       |       |   120 ||   120
Dodge: Dodged            |    58 |    96 |   153 |   242 ||   549
Block: Buckler           |    24 |    48 |    89 |   113 ||   274
       Tower shield      |       |       |       |   281 ||   281

Levels and vault maps discovered:
D:1:      dpeg_arrival_lava_temple_mockup, layout_loops_ring, serial_shops,
          nicolae_shop_temple_entry_statues_fountains
D:2:      layout_basic, basic_altar, nicolae_concentric_dashed_squares_mild
D:3:      layout_loops_ring, nicolae_overflow_ecumenical_swirl,
          ebering_ecumenical_altar_rust, hangedman_abyss_or_decor_lesser_grid,
          kennysheep_generic_room_4
D:4:      layout_basic, minmay_temple_entry_ruins, enter_ossuary_3,
          ebering_ghost_sewer_d, kennysheep_pointless_box
D:5:      cheibrodos_fzero, layout_cave_pools, st_stairs_11, uniq_edmund
D:6:      layout_cave_pods, feat_on_display, uniq_pikel, uniq_blork_the_orc
D:7:      layout_loops_ring
D:8:      layout_gridville
D:9:      layout_basic, chequers_temple_overflow_statue_of_worship,
          nicolae_yredelemnul_corpse_copse, general_overflow_altar,
          nicolae_qazlal_scattered_showers, minivault_23,
          chequers_serial_rivers_room_b, minivault_27
D:10:     layout_irregular_city, minmay_microvault, uniq_gastronok, uniq_joseph,
          uniq_snorg
D:11:     minmay_the_grid_octo_triangle [minmay_the_grid_octo_checkerflower,
          minmay_the_grid_octo_prize_star, minmay_the_grid_octo_teeth],
          layout_basic, lair_entry_dummy, serial_shops, nicolae_shop_stone,
          nicolae_shop_hallway_plus, gauntlet_entry_generic, serial_bayou_lake_a
Gauntlet: gammafunk_gauntlet_77_escape_option
          [minmay_gauntlet_arena_77_terracotta_army,
          minmay_gauntlet_arena_77_mess, minmay_gauntlet_arena_77_squiggly,
          minmay_gauntlet_arena_77_two_paths,
          minmay_gauntlet_arena_77_hold_the_fort,
          nicolae_gauntlet_exit_dead_adventurers]

Notes
Turn   | Place    | Note
-------+----------+-------------------------------------------
     0 | D:1      | GrayStillPlays the Demonspawn Fighter began the quest for
                  | the Orb.
     0 | D:1      | Reached XP level 1. HP: 18/18 MP: 1/1
     0 | D:1      | magus.rc [v1.9.6]
   132 | D:1      | Found Noamis's Assorted Antiques.
   177 | D:1      | Reached skill level 2 in Axes
   190 | D:1      | Gained mutation: Your touch may inflict minor irresistible
                  | damage on your foes. [demonic ancestry]
   190 | D:1      | Reached XP level 2. HP: 18/24 MP: 2/2
   495 | D:1      | Reached skill level 3 in Armour
   566 | D:1      | Reached skill level 3 in Shields
  1149 | D:2      | Gained mutation: You are partially covered in rugged brown
                  | scales. (AC +1, +3% HP) [demonic ancestry]
  1149 | D:2      | Reached XP level 3. HP: 24/29 MP: 3/3
  1260 | D:2      | Found an opulent altar of Gozag.
  1531 | D:2      | Became a worshipper of Gozag Ym Sagoz the Greedy
  2295 | D:3      | You add the spells Sting, Poisonous Vapours and Olgreb's
                  | Toxic Radiance to your library.
  2322 | D:3      | Gained mutation: You regenerate a little health from kills.
                  | [demonic ancestry]
  2322 | D:3      | Reached XP level 4. HP: 35/37 MP: 4/4
  2464 | D:3      | You pick up a book of Air and begin reading...
  2464 | D:3      | You add the spells Shock, Swiftness and Airstrike to your
                  | library.
  2488 | D:3      | Found a faded altar of an unknown god.
  2692 | D:3      | Found a faded altar of an unknown god.
  3111 | D:4      | Reached skill level 4 in Fighting
  3186 | D:4      | Found a staircase to the Ecumenical Temple.
  3280 | D:4      | Gained mutation: You regenerate health from kills. [demonic
                  | ancestry]
  3280 | D:4      | Reached XP level 5. HP: 36/43 MP: 5/5
  3399 | D:4      | Found a sand-covered staircase.
  3413 | Ossuary  | Entered an ossuary
  3528 | Ossuary  | Reached skill level 4 in Armour
  3731 | Ossuary  | Reached skill level 4 in Shields
  3959 | D:4      | Found a runed translucent door.
  3965 | D:4      | You add the spells Gell's Gravitas, Teleport Other and
                  | Dispersal to your library.
  4490 | D:4      | Noticed KittyKat's ghost (amateur DsGl)
  4652 | D:5      | Entered Level 5 of the Dungeon
  4653 | D:5      | Noticed Edmund
  4951 | D:5      | Gained mutation: Your touch may inflict irresistible damage
                  | on your foes. [demonic ancestry]
  4951 | D:5      | Reached XP level 6. HP: 41/50 MP: 6/6
  5052 | D:5      | Reached skill level 5 in Fighting
  5210 | D:5      | Gained mutation: You are mostly covered in rugged brown
                  | scales. (AC +2, +5% HP) [demonic ancestry]
  5210 | D:5      | Reached XP level 7. HP: 38/58 MP: 7/7
  5280 | D:5      | Reached skill level 5 in Armour
  5422 | D:5      | Reached skill level 5 in Shields
  5604 | D:5      | Noticed a yak
  5617 | D:5      | Killed a yak
  5790 | D:5      | Reached skill level 6 in Fighting
  5806 | D:5      | Gained mutation: You are completely covered in rugged brown
                  | scales. (AC +3, +7% HP) [demonic ancestry]
  5806 | D:5      | Reached XP level 8. HP: 58/68 MP: 8/8
  5811 | D:5      | Noticed a two-headed ogre
  5856 | D:5      | Killed a two-headed ogre
  5857 | D:5      | Reached skill level 6 in Armour
  5857 | D:5      | Reached skill level 6 in Shields
  5874 | D:5      | Reached skill level 7 in Fighting
  6914 | D:4      | Killed KittyKat's ghost
  6915 | D:4      | Reached XP level 9. HP: 24/77 MP: 9/9
  7280 | D:6      | Noticed Blork the orc
  7293 | D:6      | Killed Blork the orc
  7382 | D:6      | Reached skill level 7 in Armour
  7595 | D:6      | Killed Edmund
  7596 | D:6      | Reached skill level 7 in Shields
  8175 | D:6      | Noticed Pikel
  8255 | D:6      | Killed Pikel
  8256 | D:6      | Reached skill level 8 in Fighting
 10034 | D:8      | Noticed a cyclops
 10048 | D:8      | Killed a cyclops
 10049 | D:8      | Reached skill level 8 in Armour
 10049 | D:8      | Reached skill level 8 in Shields
 10186 | D:8      | You pick up a book of Storms and begin reading...
 10186 | D:8      | You add the spells Summon Lightning Spire and Lightning
                  | Bolt to your library.
 10248 | D:8      | Gained mutation: You punish those that try to bend your
                  | will. (Will+) [demonic ancestry]
 10248 | D:8      | Reached XP level 10. HP: 85/87 MP: 10/10
 10263 | D:8      | Reached skill level 9 in Fighting
 11257 | D:9      | Found a stormy altar of Qazlal.
 11289 | D:9      | Found an ornate altar of the Wu Jian Council.
 11360 | D:9      | Reached skill level 9 in Armour
 11366 | D:9      | Reached skill level 9 in Shields
 11433 | D:9      | Reached skill level 10 in Fighting
 11695 | D:9      | Found a shadowy altar of Dithmenos.
 11707 | D:9      | Found a basalt altar of Yredelemnul.
 11959 | D:9      | You add the spells Ignite Poison, Mephitic Cloud and
                  | Freezing Cloud to your library.
 12266 | D:10     | Entered Level 10 of the Dungeon
 12285 | D:9      | Reached XP level 11. HP: 95/98 MP: 11/11
 12586 | D:10     | Noticed an ogre mage
 12601 | D:10     | Killed an ogre mage
 12691 | D:10     | Noticed Snorg
 12704 | D:10     | Noticed Gastronok
 12707 | D:10     | HP: 22/98 [Snorg (11)]
 12929 | D:10     | Identified the +0 robe of Indomitability {rCorr Str+4}
 13133 | D:10     | Killed Gastronok
 13134 | D:10     | Reached skill level 10 in Armour
 13134 | D:10     | Reached skill level 10 in Shields
 13249 | D:11     | Noticed a boulder beetle
 13296 | D:11     | Found Efraem's Armour Shoppe.
 13314 | D:11     | Bought a +3 chain mail of cold resistance for 291 gold
                  | pieces
 13317 | D:11     | Found a gate leading to a gauntlet.
 13320 | D:11     | Noticed a skeletal warrior
 13354 | D:11     | Found Geis's Distillery.
 13354 | D:11     | Noticed a skeletal warrior
 13355 | D:11     | Noticed a skeletal warrior
 13355 | D:11     | Noticed a skeletal warrior
 13358 | Gauntlet | Entered a Gauntlet
 13358 | Gauntlet | Found a transporter.
 13369 | Gauntlet | Noticed a catoblepas
 13393 | Gauntlet | Found a transporter.
 13396 | Gauntlet | Found a transporter.
 13397 | Gauntlet | Found a transporter.
 13403 | Gauntlet | Noticed a necromancer
 13406 | Gauntlet | Found a transporter.
 13408 | Gauntlet | Found a transporter.
 13409 | Gauntlet | Found a transporter.
 13417 | Gauntlet | Found a transporter.
 13420 | Gauntlet | Found a transporter.
 13421 | Gauntlet | Found a transporter.
 13429 | Gauntlet | Found a transporter.
 13432 | Gauntlet | Found a transporter.
 13433 | Gauntlet | Found a transporter.
 13441 | Gauntlet | Found a transporter.
 13441 | Gauntlet | Noticed a blizzard demon
 13543 | Gauntlet | Killed a catoblepas
 13544 | Gauntlet | Reached skill level 11 in Fighting
 13592 | Gauntlet | Identified the +2 pair of boots of the Sky {Dex+3}
 13635 | Gauntlet | Killed a necromancer
 13784 | Gauntlet | HP: 24/99 [ice dragon simulacrum (6)]
 13788 | Gauntlet | HP: 11/99 [ice dragon simulacrum (15)]
 13882 | Gauntlet | Reached skill level 1 in Dodging
 13895 | Gauntlet | HP: 28/148 [blizzard demon/the air (11)]
 13901 | Gauntlet | HP: 26/148 [blizzard demon/freezing blast (9)]
 13904 | Gauntlet | HP: 7/99 [blizzard demon (10)]
 13905 | Gauntlet | Killed a blizzard demon
 13905 | Gauntlet | Engulfed by a cloud of freezing vapour

Vanquished Creatures
  Gastronok (D:10)
  A blizzard demon (Gauntlet)
  An ogre mage (D:10)
  A two-headed ogre (D:5)
  A catoblepas (Gauntlet)
  Pikel (D:6)
  A necromancer (Gauntlet)
  A cyclops (D:8)
  2 gargoyles (Gauntlet)
  A komodo dragon (D:10)
  An ice devil (Gauntlet)
  A wolf spider simulacrum (Gauntlet)
  A hornet (D:8)
  A centaur simulacrum (Gauntlet)
  16 yaks
  3 wyverns
  A steam dragon (D:9)
  The ghost of KittyKat the Skirmisher, an amateur DsGl of Yredelemnul (D:4)
  Edmund (D:6)
  3 swamp worms (Gauntlet)
  An acid dragon (D:9)
  A water moccasin (D:9)
  An ice dragon simulacrum (Gauntlet)
  A black bear (D:7)
  An ice beast (D:8)
  2 orc warriors
  2 necrophages
  A sky beast (D:8)
  A hornet zombie (D:9)
  An ogre (D:5)
  5 wolves (Gauntlet)
  2 lemures (D:6)
  Blork the orc (D:6)
  2 kobold brigands
  A scorpion (D:5)
  A gnoll sergeant (D:5)
  A wyvern zombie (D:5)
  15 killer bees
  4 wights (D:10)
  10 howler monkeys
  4 jellies
  2 hounds (D:5)
  9 centaur zombies
  A bullfrog skeleton (D:5)
  A centaur skeleton (D:7)
  6 orc priests
  2 gnoll shamans
  2 iguanas
  4 orc wizards
  2 killer bee zombies
  3 hound skeletons (D:5)
  4 mummies (Ossuary)
  6 howler monkey zombies
  10 gnolls
  9 adders
  A shadow imp (D:6)
  2 white imps
  An ufetubus (D:7)
  An adder zombie (D:5)
  An adder skeleton (D:4)
  A worm (D:2)
  5 dart slugs
  30 orcs
  7 ball pythons
  2 bats (D:1)
  4 endoplasms
  3 giant cockroaches
  A gnoll zombie (Ossuary)
  7 hobgoblins
  5 jackals
  3 quokkas
  5 frilled lizards
  7 goblins
  A goblin zombie (Ossuary)
  A hobgoblin zombie (Ossuary)
  12 kobolds
  4 kobold zombies (Ossuary)
  8 rats
271 creatures vanquished.

Vanquished Creatures (others)
  9 plants (D:11)
  A withered plant (Gauntlet)
10 creatures vanquished.

Grand Total: 281 creatures vanquished

Table legend:
 A = Non-vault XP
 B = Vault XP
 C = Vault XP percentage of total XP
 D = Non-vault monster count
 E = Vault monster count
 F = Vault count percentage of total count
                 A         B        C        D         E       F
            +---------+---------+-------+---------+---------+-------
      Total |    9397 |   11048 |  54.0 |     199 |      70 |  26.0
            +---------+---------+-------+---------+---------+-------
        D:1 |      38 |       0 |   0.0 |      24 |       0 |   0.0
        D:2 |      55 |       0 |   0.0 |      14 |       0 |   0.0
        D:3 |      33 |       1 |   2.9 |      15 |       1 |   6.2
        D:4 |      98 |     231 |  70.2 |      16 |       5 |  23.8
        D:5 |     466 |    1771 |  79.2 |      23 |      20 |  46.5
        D:6 |     545 |     904 |  62.4 |      16 |       3 |  15.8
        D:7 |     496 |       0 |   0.0 |       8 |       0 |   0.0
        D:8 |    2306 |       0 |   0.0 |      35 |       0 |   0.0
        D:9 |    4348 |     453 |   9.4 |      38 |      10 |  20.8
       D:10 |    1012 |    2383 |  70.2 |      10 |       2 |  16.7
    Ossuary |       0 |     122 | 100.0 |       0 |      12 | 100.0
   Gauntlet |       0 |    5183 | 100.0 |       0 |      17 | 100.0
            +---------+---------+-------+---------+---------+-------

Illustrated notes

Table legend:
 A = Kills in this place as a percentage of kills in entire the game.
 B = Kills by you in this place as a percentage of kills by you in the entire game.
 C = Kills by friends in this place as a percentage of kills by friends in the entire game.
 D = Other kills in this place as a percentage of other kills in the entire game.
 E = Experience gained in this place as a percentage of experience gained in the entire game.
 F = Experience gained in this place divided by the number of levels of this place that you have seen.
                   A       B       C       D       E      F
               +-------+-------+-------+-------+-------+----------------------
         Total | 100.0 | 100.0 |   N/A |   N/A | 100.0 | 1572.7
       Dungeon |  89.2 |  89.2 |   N/A |   N/A |  74.1 | 1376.4
       Ossuary |   4.5 |   4.5 |   N/A |   N/A |   0.6 | 122.0
      Gauntlet |   6.3 |   6.3 |   N/A |   N/A |  25.4 | 5183.0
               +-------+-------+-------+-------+-------+----------------------

Table legend: (Time is in decaauts)
 A = Elapsed time spent in this place.
 B = Non-inter-level travel time spent in this place.
 C = Inter-level travel time spent in this place.
 D = Time resting spent in this place.
 E = Time spent auto-exploring this place.
 F = Levels seen in this place.
 G = Mean time per level.
                   A        B        C        D        E       F      G
               +--------+--------+--------+--------+--------+-----+--------+
         Total |  14311 |  13182 |   1129 |   1063 |   8060 |  13 | 1100.8 |
       Dungeon |  13344 |  12215 |   1129 |    975 |   7755 |  11 | 1213.1 |
       Ossuary |    373 |    373 |      0 |      0 |    205 |   1 |  373.0 |
      Gauntlet |    593 |    593 |      0 |     88 |    100 |   1 |  593.0 |
               +--------+--------+--------+--------+--------+-----+--------+

Top non-repeatable levels by time:
     D:4: 2535 daAuts
     D:6: 2020 daAuts
     D:9: 1377 daAuts
     D:5: 1353 daAuts
     D:2: 1178 daAuts
     D:1: 1158 daAuts
     D:8: 1056 daAuts
    D:10: 936 daAuts
     D:7: 825 daAuts
     D:3: 775 daAuts
Gauntlet: 593 daAuts
 Ossuary: 373 daAuts
    D:11: 127 daAuts
